 Dungeon Crawl Stone Soup version 0.30.0-5-g1a98f26d00 (webtiles) character file.

Game seed: 3233425355555879021

14 PoweredByGinger the Shield-Bearer (level 2, -12/26 HPs)
             Began as a Minotaur Fighter on May 9, 2023.
             Mangled by a kobold
             ... wielding a +1 whip of electrocution
              (20 damage)
             ... on level 1 of the Dungeon.
             The game lasted 00:00:22 (496 turns).

PoweredByGinger the Shield-Bearer (Minotaur Fighter) Turns: 496, Time: 00:00:22

Health: -12/26     AC:  6    Str: 20    XL:     2   Next: 27%
Magic:  1/1        EV:  9    Int:  5    God:
Gold:   44         SH:  4    Dex:  9    Spells: 1/1 levels left

rFire   . . .        a - +0 war axe
rCold   . . .        c - +0 buckler
rNeg    . . .        b - +0 scale mail
rPois   .            (helmet restricted)
rElec   .            (no cloak)
rCorr   .            (no gloves)
SInv    .            (no boots)
Will    .....        (no amulet) Stlth
                     (no ring)
HPRegen 0.24/turn    (no ring)
MPRegen 0.07/turn

%: no passive effects
@: no status effects
A: horns 2, retaliatory headbutt
a: no special abilities


You were on level 1 of the Dungeon.
You visited 1 branch of the dungeon, and saw 1 of its levels.

You collected 44 gold pieces.

Inventory:

Hand Weapons
 a - a +0 war axe (weapon)
Armour
 b - a +0 scale mail (worn)
 c - a +0 buckler (worn)
Scrolls
 e - a scroll of vulnerability {unknown}
 f - 3 scrolls of identify {unknown}
 j - a scroll of enchant weapon {unknown}
 k - a scroll of teleportation {unknown}
 l - a scroll of enchant armour {unknown}
Potions
 d - a potion of might
 g - a potion of curing {unknown}
 h - a potion of ambrosia {unknown}
 i - a potion of flight {unknown}


   Skills:
 - Level 3.6 Fighting
 + Level 3.1 Axes
 - Level 3.6 Armour
 + Level 4.1 Shields


You had one spell level left.
You didn't know any spells.
Your spell library was empty.

Dungeon Overview and Level Annotations

Branches:
Dungeon (1/15)

Altars:


Innate Abilities, Weirdness & Mutations

You have a pair of horns on your head.
You reflexively headbutt those who attack you in melee.


Message History

You see here a +0 club.
You slash the goblin!
You kill the goblin!
No target in view!
No target in view!
Things that are here:
a +0 club; a goblin corpse You open the door.
A ball python comes into view.
The ball python hisses angrily.
A rat comes into view.
There are monsters nearby!
There are monsters nearby!
There are monsters nearby!
There is an open door here.
You barely miss the ball python. You headbutt the ball python.
You kill the ball python!
You see here a ball python corpse.
You hit the rat.
You kill the rat!
No target in view!
k - a scroll labelled IKAXTAMEUW You open the door.
There is an open door here.
l - a scroll labelled WILAOTZE AXUOB
f - 3 scrolls labelled WUONIATUWI (gained 1)
A kobold comes into view.
It is wielding a +1 whip of electrocution.
The kobold shouts!
A kobold is nearby!
The kobold throws a stone.
You block the stone.
The kobold throws a stone.
The stone hits you but does no damage.
The kobold hits you with a +1 whip of electrocution.
You are electrocuted!
Ouch! That really hurt!
You are too injured to fight recklessly!
You are too injured to fight recklessly!
You are too injured to fight recklessly!
The kobold hits you but does no damage.
You are electrocuted!!
Ouch! That really hurt!
You die...

...................#
#.
####.##.####.#######
#. #.........# #.
####.###### #. #.#
#. #.# #### ## #.#
#.. # #.# #.#
#...##.###@###
#........K.#
#.....#.##.......#
#.###....#.#####.#
#......# # #...?#.#
..#.##.# ####.##.#
#. #..


You could see a kobold.

Vanquished Creatures
  A dart slug (D:1)
  A hobgoblin (D:1)
  A quokka (D:1)
  3 ball pythons (D:1)
  A bat (D:1)
  A frilled lizard (D:1)
  3 goblins (D:1)
  3 rats (D:1)
14 creatures vanquished.

Notes
Turn   | Place    | Note
-------+----------+-------------------------------------------
     0 | D:1      | PoweredByGinger the Minotaur Fighter began the quest for
                  | the Orb.
     0 | D:1      | Reached XP level 1. HP: 19/19 MP: 0/0
   376 | D:1      | Reached skill level 4 in Shields
   376 | D:1      | Reached XP level 2. HP: 26/26 MP: 1/1
   496 | D:1      | Mangled by a kobold

Illustrated notes

Levels and vault maps discovered:
D:1:      scummos_arrival_simple_crosswalls, layout_loops_corners

Skill      XL: |  1  2 |
---------------+-------+-----
Shields        | 4 |  4.1
Axes           | 3 |  3.1
Fighting       | |  3.6
Armour         | |  3.6

Action                     || total
---------------------------++-------
  Melee: War axe           ||    26
         Headbutt          ||     6
 Armour: Scale mail        ||     9
  Dodge: Dodged            ||    12
  Block: Buckler           ||     7
